Victoriaville Tigres vs Hamilton Bulldogs

Created - 9 janvier 2018 at 19:29

Goals
1 2 3 T
Victoriaville Tigres 1 4 2 7
Hamilton Bulldogs 1 2 2 5
Shots
1 2 3 T
Victoriaville Tigres 4 17 16 37
Hamilton Bulldogs 12 22 12 46

1st period

1. Hamilton Bulldogs , Alexandre Grenier 17 (Bryan Bickell 23, Carter Rowney 23) at 9:05
2. Victoriaville Tigres , Chris Terry 28 (Nic Petan 32) at 13:14

Penalties :
Brayden McNabb (TIG) for Holding (Minor) at 17:31

2nd period

3. Hamilton Bulldogs , Jason Akeson 15 (Jordan Weal 34, Adam Erne 15) at 2:25
4. Victoriaville Tigres , Chris Terry 29 (Nic Petan 33) at 7:13
5. Victoriaville Tigres , Nic Petan 18 (Samuel Girard 6) at 7:19
6. Hamilton Bulldogs , Kyle Criscuolo 4 (Jayce Hawryluk 8) at 10:18
7. Victoriaville Tigres , Nic Petan 19 (Chris Terry 23) at 13:15
8. Victoriaville Tigres , Nic Petan 20 (Chris Terry 24) at 19:25

Penalties :
No Penalty

3rd period

9. Hamilton Bulldogs , Anthony DeAngelo 4 (Tomas Nosek 12) at 0:48
10. Victoriaville Tigres , Brody Sutter 9 (Chris Terry 25, Nic Petan 34) at 16:51
11. Hamilton Bulldogs , Carter Rowney 18 (Nick Jensen 23) at 18:14
12. Victoriaville Tigres , Brody Sutter 10 (Chris Terry 26, Nic Petan 35) at 19:52 (Empty Net)

Penalties :
Brayden McNabb (TIG) for Interference (Minor) at 0:59, Charles Hudon (TIG) for Tripping (Minor) at 12:39

Goalie Stats

Michael Garteig (TIG), 41 saves from 46 shots - (0,891), W, 10-2-1, 60:00 minutes
Laurent Brossoit (BUL), 16 saves from 21 shots - (0,762), 39:25 minutes
Lars Johansson (BUL), 14 saves from 15 shots - (0,933), L, 8-5-2, 19:49 minutes

Players Stats for Victoriaville Tigres

Player Name              G  A  P  +/- PIM S  H  SB GA TA FO     MP     PP MP  PK MP  
------------------------------------------------------------------------------------
Brayden McNabb           0  0  0   4  4   2  3  1  1  0  0/0    27:37   0:00   1:05 
Brody Sutter             2  0  2   5  0   3  1  0  0  0  0/2    19:28   0:00   0:35 
Charles Hudon            0  0  0  -2  2   1  2  0  2  1  0/0    18:03   0:00   1:03 
Chase De Leo             0  0  0   0  0   0  0  0  0  0  2/4     4:36   0:00   0:00 
Chris Terry              2  4  6   5  0   12 3  1  1  1  1/1    21:46   0:00   2:56 
Dillon Simpson           0  0  0  -1  0   0  1  2  0  0  0/0    13:04   0:00   2:24 
Greg McKegg              0  0  0  -1  0   2  2  0  0  1  3/5    13:49   0:00   0:13 
Karl Stollery            0  0  0  -1  0   0  1  0  0  2  0/0    18:39   0:00   1:50 
Mark MacMillan           0  0  0  -1  0   0  1  0  0  0  1/1    13:30   0:00   0:00 
Michal Kempny            0  0  0  -1  0   0  1  1  0  0  0/0    19:23   0:00   2:28 
Nic Petan                3  4  7   5  0   6  3  1  1  0  23/39  25:28   0:00   2:41 
Paul Bittner             0  0  0   0  0   0  0  0  0  0  0/0     2:14   0:00   1:26 
Quinton Howden           0  0  0  -2  0   2  0  1  1  0  11/20  18:48   0:00   1:50 
Samuel Girard            0  1  1   4  0   2  4  2  0  1  0/0    29:09   0:00   3:09 
Scott Kosmachuk          0  0  0  -2  0   4  0  0  0  0  0/2    16:58   0:00   0:00 
Stefan Matteau           0  0  0   0  0   1  0  0  1  1  0/0     4:36   0:00   0:00 
Taylor Leier             0  0  0  -1  0   2  3  1  0  0  0/0    14:40   0:00   1:10 
Tim Heed                 0  0  0  -1  0   0  0  1  0  0  0/0    12:12   0:00   0:58 

Players Stats for Hamilton Bulldogs

Player Name              G  A  P  +/- PIM S  H  SB GA TA FO     MP     PP MP  PK MP  
------------------------------------------------------------------------------------
Adam Erne                0  1  1  -1  0   4  0  1  1  0  0/0    11:51   0:28   0:00 
Alexander Nylander       0  0  0  -1  0   1  0  0  0  0  1/2    11:55   0:30   0:00 
Alexandre Grenier        1  0  1  -2  0   1  3  1  0  0  0/1    18:11   2:44   0:00 
Anthony DeAngelo         1  0  1   0  0   4  1  2  0  0  0/0    19:22   3:07   0:00 
Brandon DeFazio          0  0  0  -1  0   1  1  0  0  2  2/3    20:48   2:44   0:00 
Bryan Bickell            0  1  1  -2  0   3  0  0  1  0  0/0    18:10   3:03   0:00 
Carter Rowney            1  1  2  -2  0   4  3  0  1  0  8/16   18:14   3:09   0:00 
Chris Butler             0  0  0   0  0   3  0  3  0  1  0/0    18:53   2:50   0:00 
Jason Akeson             1  0  1  -1  0   6  0  1  1  1  1/2    20:31   2:47   0:00 
Jayce Hawryluk           0  1  1   2  0   1  0  0  1  0  0/0     9:29   0:00   0:00 
Jordan Weal              0  1  1  -1  0   3  0  0  0  0  13/34  20:30   2:26   0:00 
Julian Melchiori         0  0  0   0  0   3  1  0  0  0  0/0    25:42   0:00   0:00 
Kyle Criscuolo           1  0  1   2  0   5  0  0  0  0  2/4     9:29   0:00   0:00 
Nick Jensen              0  1  1   0  0   2  3  2  0  0  0/0    28:45   3:03   0:00 
Teemu Pulkkinen          0  0  0   2  0   2  0  0  1  0  0/0     9:29   0:00   0:00 
Tim Erixon               0  0  0  -2  0   1  0  0  0  1  0/0    14:56   2:50   0:00 
Tomas Nosek              0  1  1  -1  0   2  2  1  1  0  6/12   11:23   0:00   0:00 
Viktor Svedberg          0  0  0  -2  0   0  1  3  0  2  0/0    12:22   0:04   0:00 

3 Stars

1 - Nic Petan (TIG)
2 - Chris Terry (TIG)
3 - Brody Sutter (TIG)

Power Play

Victoriaville Tigres - 0 on 0 Attempt(s) - 0,00%
Hamilton Bulldogs - 0 on 3 Attempt(s) - 0,00%

Penalty Kill

Victoriaville Tigres - 3 on 3 Attempt(s) - 100,00% - Score 0 goal in Penalty Kill
Hamilton Bulldogs - 0 on 0 Attempt(s) - 0,00% - Score 0 goal in Penalty Kill

Team Stat

Victoriaville Tigres - Hits : 25 - Faceoff Wins : 41 - Blocked Shots : 11 - Penalty Minutes : 6
Hamilton Bulldogs - Hits : 15 - Faceoff Wins : 33 - Blocked Shots : 14 - Penalty Minutes : 0

Official

Referees : Ghislain Hebert and Jon Mclsaac
Linesman : Darren Gibbs and Mark Wheler

Game Notes

15:20 of 2nd period - Hamilton Bulldogs goal is going for a video replay. After video review, No Goal. The goalkeeper has been pushed into the net together with the puck after making a save.
Nic Petan has scored a Hat Trick!
Lars Johansson enters game at 19:25 of 2nd period
Brody Sutter has scored in a empty net!

Finance

Level 1 -- Attendance: 1461 (73,05%) -- Ticket Income 65 745 $
Level 2 -- Attendance: 736 (73,60%) -- Ticket Income 22 080 $
Total Attendance: 2197 (73,23%)
Total Ticket Income: 87 825 $
Other Income: 43 034 $
Total Income: 130 859 $

Victoriaville Tigres

5 vs 5 Forward 
   Center                   Left Wing                Right Wing               Time % Phy DF OF 
 1 Nic Petan                Chris Terry              Brody Sutter             40     1   2  2  
 2 Quinton Howden           Charles Hudon            Scott Kosmachuk          30     1   2  2  
 3 Greg McKegg              Taylor Leier             Mark MacMillan           20     1   2  2  
 4 Chase De Leo             Stefan Matteau           Nic Petan                10     1   2  2  

5 vs 5 Defense 
   Defense                  Defense                                           Time % Phy DF OF 
 1 Samuel Girard            Brayden McNabb                                    40     1   2  2  
 2 Michal Kempny            Karl Stollery                                     30     1   2  2  
 3 Tim Heed                 Dillon Simpson                                    20     1   2  2  
 4 Samuel Girard            Brayden McNabb                                    10     1   2  2  

PowerPlay Forward 
   Center                   Left Wing                Right Wing               Time % Phy DF OF 
 1 Nic Petan                Chris Terry              Brody Sutter             60     1   2  2  
 2 Quinton Howden           Charles Hudon            Scott Kosmachuk          40     1   2  2  

PowerPlay Defense
   Defense                  Defense                                           Time % Phy DF OF 
 1 Samuel Girard            Brayden McNabb                                    60     1   2  2  
 2 Michal Kempny            Karl Stollery                                     40     1   2  2  

Penalty Kill 4 Players Forward 
   Center                   Wing                     Time % Phy DF OF 
 1 Nic Petan                Chris Terry              60     1   2  2  
 2 Charles Hudon            Quinton Howden           40     1   2  2  

Penalty Kill 4 Players Defense
   Defense                  Defense                  Time % Phy DF OF 
 1 Samuel Girard            Brayden McNabb           60     1   2  2  
 2 Michal Kempny            Karl Stollery            40     1   2  2  

Penalty Kill - 3 Players Forward 
   Forward                                           Time % Phy DF OF 
 1 Nic Petan                                         60     1   2  2  
 2 Chris Terry                                       40     1   2  2  

Penalty Kill - 3 Players Defense
   Defense                  Defense                  Time % Phy DF OF 
 1 Samuel Girard            Brayden McNabb           60     1   2  2  
 2 Michal Kempny            Karl Stollery            40     1   2  2  

4 vs 4 Forward 
   Center                   Wing                     Time % Phy DF OF 
 1 Nic Petan                Chris Terry              60     1   2  2  
 2 Charles Hudon            Quinton Howden           40     1   2  2  

4 vs 4 Defense
   Defense                  Defense                  Time % Phy DF OF 
 1 Samuel Girard            Brayden McNabb           60     1   2  2  
 2 Michal Kempny            Karl Stollery            40     1   2  2  

Last Minutes Offensive
   Center                   Left Wing                Right Wing               Defense                  Defense                  
   Nic Petan                Chris Terry              Brody Sutter             Samuel Girard            Brayden McNabb           

Last Minutes Defensive
   Center                   Left Wing                Right Wing               Defense                  Defense                  
   Nic Petan                Chris Terry              Brody Sutter             Samuel Girard            Brayden McNabb           

Goaltenders
Starting : Michael Garteig          
Backup : Unknown Goalie           

Extra Forwards
Normal : Paul Bittner, Greg McKegg, Taylor Leier - PP : Paul Bittner, Greg McKegg - PK : Taylor Leier
Extra Defensemen
Normal : Tim Heed, Dillon Simpson, Michal Kempny - PP : Tim Heed - PK : Dillon Simpson, Michal Kempny
Penalty Shots
Nic Petan, Chris Terry, Charles Hudon, Quinton Howden, Greg McKegg

Scratches
Devon Toews (Healthy), Jeff Zatkoff (Healthy), Jack Flinn (Healthy)

Hamilton Bulldogs

5 vs 5 Forward 
   Center                   Left Wing                Right Wing               Time % Phy DF OF 
 1 Jordan Weal              Brandon DeFazio          Jason Akeson             40     0   2  3  
 2 Carter Rowney            Bryan Bickell            Alexandre Grenier        30     0   2  3  
 3 Tomas Nosek              Alexander Nylander       Adam Erne                20     0   2  3  
 4 Kyle Criscuolo           Teemu Pulkkinen          Jayce Hawryluk           10     0   2  3  

5 vs 5 Defense 
   Defense                  Defense                                           Time % Phy DF OF 
 1 Nick Jensen              Julian Melchiori                                  40     1   2  2  
 2 Anthony DeAngelo         Chris Butler                                      30     1   2  2  
 3 Tim Erixon               Viktor Svedberg                                   20     1   2  2  
 4 Nick Jensen              Julian Melchiori                                  10     1   2  2  

PowerPlay Forward 
   Center                   Left Wing                Right Wing               Time % Phy DF OF 
 1 Carter Rowney            Bryan Bickell            Jason Akeson             60     0   1  4  
 2 Jordan Weal              Brandon DeFazio          Alexandre Grenier        40     0   1  4  

PowerPlay Defense
   Defense                  Defense                                           Time % Phy DF OF 
 1 Nick Jensen              Anthony DeAngelo                                  60     0   2  3  
 2 Tim Erixon               Chris Butler                                      40     0   2  3  

Penalty Kill 4 Players Forward 
   Center                   Wing                     Time % Phy DF OF 
 1 Carter Rowney            Brandon DeFazio          60     0   3  2  
 2 Tomas Nosek              Bryan Bickell            40     0   3  2  

Penalty Kill 4 Players Defense
   Defense                  Defense                  Time % Phy DF OF 
 1 Nick Jensen              Julian Melchiori         60     0   3  2  
 2 Anthony DeAngelo         Chris Butler             40     0   3  2  

Penalty Kill - 3 Players Forward 
   Forward                                           Time % Phy DF OF 
 1 Jason Akeson                                      60     0   5  0  
 2 Carter Rowney                                     40     0   5  0  

Penalty Kill - 3 Players Defense
   Defense                  Defense                  Time % Phy DF OF 
 1 Nick Jensen              Julian Melchiori         60     0   5  0  
 2 Anthony DeAngelo         Chris Butler             40     0   5  0  

4 vs 4 Forward 
   Center                   Wing                     Time % Phy DF OF 
 1 Jason Akeson             Carter Rowney            60     1   2  2  
 2 Jordan Weal              Alexandre Grenier        40     1   2  2  

4 vs 4 Defense
   Defense                  Defense                  Time % Phy DF OF 
 1 Nick Jensen              Julian Melchiori         60     1   2  2  
 2 Anthony DeAngelo         Chris Butler             40     1   2  2  

Last Minutes Offensive
   Center                   Left Wing                Right Wing               Defense                  Defense                  
   Jordan Weal              Bryan Bickell            Alexandre Grenier        Anthony DeAngelo         Nick Jensen              

Last Minutes Defensive
   Center                   Left Wing                Right Wing               Defense                  Defense                  
   Carter Rowney            Tomas Nosek              Jason Akeson             Nick Jensen              Julian Melchiori         

Goaltenders
Starting : Laurent Brossoit         
Backup : Lars Johansson           

Extra Forwards
Normal : Alexander Nylander, Adam Erne, Tomas Nosek - PP : Alexander Nylander, Adam Erne - PK : Tomas Nosek
Extra Defensemen
Normal : Tim Erixon, Viktor Svedberg, Anthony DeAngelo - PP : Tim Erixon - PK : Viktor Svedberg, Anthony DeAngelo
Penalty Shots
Anthony DeAngelo, Bryan Bickell, Jordan Weal, Jason Akeson, Alexandre Grenier

Scratches
Casey Nelson (Healthy), Henri Ikonen (Healthy), Jan Mandat (Healthy), Jeremy Gregoire (Healthy), Tyler Lewington (Healthy)
Luc Snuggerud (Healthy), Stuart Percy (Healthy), Jean-Francois Berube (Healthy), Landon Bow (Healthy)

% Time on Ice - Victoriaville Tigres

Lines # - Real PCT - Wanted PCT - Time Play
Normal Forward
1 - 34% - 40% - 17:57
2 - 32% - 30% - 16:58
3 - 25% - 20% - 13:30
4 - 9% - 10% - 4:36
Normal Defense
1 - 40% - 40% - 21:27
2 - 32% - 30% - 16:49
3 - 20% - 20% - 10:40
4 - 8% - 10% - 4:05
PP Forward
1 - 0% - 60%
2 - 0% - 40%
PP Defense
1 - 0% - 60%
2 - 0% - 40%
PK Forward
1 - 77% - 60% - 4:35
2 - 23% - 40% - 1:22
PK Defense
1 - 63% - 60% - 3:44
2 - 37% - 40% - 2:13
PK3 Forward
1 - 0% - 60%
2 - 0% - 40%
PK3 Defense
1 - 0% - 60%
2 - 0% - 40%
44 Forward
1 - 0% - 60%
2 - 0% - 40%
44 Defense
1 - 0% - 60%
2 - 0% - 40%
Last Minute Offensive  - 0:00
Last Minute Defensive  - 1:02
Total
Forward - 60:00
Defense - 60:00

% Time on Ice - Hamilton Bulldogs

Lines # - Real PCT - Wanted PCT - Time Play
Normal Forward
1 - 33% - 40% - 17:44
2 - 29% - 30% - 15:27
3 - 21% - 20% - 11:23
4 - 18% - 10% - 9:29
Normal Defense
1 - 41% - 40% - 21:58
2 - 30% - 30% - 16:03
3 - 22% - 20% - 11:48
4 - 8% - 10% - 4:14
PP Forward
1 - 54% - 60% - 3:13
2 - 46% - 40% - 2:44
PP Defense
1 - 52% - 60% - 3:07
2 - 48% - 40% - 2:50
PK Forward
1 - 0% - 60%
2 - 0% - 40%
PK Defense
1 - 0% - 60%
2 - 0% - 40%
PK3 Forward
1 - 0% - 60%
2 - 0% - 40%
PK3 Defense
1 - 0% - 60%
2 - 0% - 40%
44 Forward
1 - 0% - 60%
2 - 0% - 40%
44 Defense
1 - 0% - 60%
2 - 0% - 40%
Last Minute Offensive  - 0:00
Last Minute Defensive  - 0:00
Total
Forward - 60:00
Defense - 60:00

Play by Play

1st period


0:01 of 1st period - Nic Petan wins face-off versus Jordan Weal in neutral zone.
0:26 of 1st period - Brayden McNabb is hit by Alexandre Grenier and loses puck.
1:35 of 1st period - Snap shot by Jordan Weal.
1:35 of 1st period - Shot Hit the Post.
1:37 of 1st period - Slapshot by Jason Akeson.
1:37 of 1st period - Shot Misses the Net.
1:49 of 1st period - Wrist shot by Carter Rowney.
1:49 of 1st period - Shot Misses the Net.
1:51 of 1st period - Slapshot by Julian Melchiori.
1:51 of 1st period - Stopped by Michael Garteig with a rebound.
1:53 of 1st period - Slapshot by Julian Melchiori.
1:53 of 1st period - Stopped by Michael Garteig with a rebound.
2:09 of 1st period - Tomas Nosek is hit by Taylor Leier and loses puck.
2:56 of 1st period - Wrist shot by Jordan Weal.
2:56 of 1st period - Shot Misses the Net.
3:28 of 1st period - Alexander Nylander is hit by Brody Sutter and loses puck.
4:06 of 1st period - Snap shot by Jordan Weal.
4:06 of 1st period - Deflect By Brayden McNabb.
4:06 of 1st period - Shot Blocked by Brayden McNabb.
4:06 of 1st period - Puck is out of play.
4:07 of 1st period - Greg McKegg wins face-off versus Jordan Weal in Victoriaville Tigres zone.
4:18 of 1st period - Snap shot by Jason Akeson.
4:18 of 1st period - Stopped by Michael Garteig with a rebound.
4:20 of 1st period - Snap shot by Brandon DeFazio.
4:20 of 1st period - Shot Misses the Net.
4:22 of 1st period - Slapshot by Julian Melchiori.
4:22 of 1st period - Stopped by Michael Garteig with a rebound.
4:55 of 1st period - Julian Melchiori is hit by Charles Hudon and loses puck.
5:12 of 1st period - Wrist shot by Jordan Weal.
5:12 of 1st period - Shot Misses the Net.
6:16 of 1st period - Snap shot by Nic Petan.
6:16 of 1st period - Shot Misses the Net.
6:26 of 1st period - Slapshot by Teemu Pulkkinen.
6:26 of 1st period - Shot Blocked by Dillon Simpson.
6:28 of 1st period - Wrist shot by Kyle Criscuolo.
6:28 of 1st period - Stopped by Michael Garteig without a rebound.
6:29 of 1st period - Kyle Criscuolo wins face-off versus Greg McKegg in Victoriaville Tigres zone.
6:32 of 1st period - Snap shot by Teemu Pulkkinen.
6:32 of 1st period - Stopped by Michael Garteig with a rebound.
7:12 of 1st period - Jason Akeson is hit by Karl Stollery and loses puck.
7:17 of 1st period - Wrist shot by Chris Terry.
7:17 of 1st period - Shot Misses the Net.
7:19 of 1st period - Snap shot by Chris Terry.
7:19 of 1st period - Stopped by Laurent Brossoit with a rebound.
7:21 of 1st period - Wrist shot by Brody Sutter.
7:21 of 1st period - Shot Misses the Net.
7:42 of 1st period - Icing by Carter Rowney.
7:43 of 1st period - Tomas Nosek wins face-off versus Chase De Leo in Hamilton Bulldogs zone.
7:43 of 1st period - Tomas Nosek is hit by Brayden McNabb.
9:01 of 1st period - Snap shot by Carter Rowney.
9:01 of 1st period - Shot Blocked by Tim Heed.
9:03 of 1st period - Snap shot by Bryan Bickell.
9:03 of 1st period - Shot Misses the Net.
9:05 of 1st period - Snap shot by Alexandre Grenier.
9:05 of 1st period - Goal by Alexandre Grenier - Victoriaville Tigres : 0 - Hamilton Bulldogs : 1.
9:06 of 1st period - Jason Akeson wins face-off versus Quinton Howden in neutral zone.
9:38 of 1st period - Slapshot by Jason Akeson.
9:38 of 1st period - Stopped by Michael Garteig without a rebound.
9:39 of 1st period - Nic Petan wins face-off versus Alexander Nylander in Victoriaville Tigres zone.
9:46 of 1st period - Wrist shot by Chris Terry.
9:46 of 1st period - Shot Misses the Net.
9:48 of 1st period - Wrist shot by Brody Sutter.
9:48 of 1st period - Stopped by Laurent Brossoit without a rebound.
9:49 of 1st period - Tomas Nosek wins face-off versus Nic Petan in Hamilton Bulldogs zone.
10:10 of 1st period - Wrist shot by Nic Petan.
10:10 of 1st period - Stopped by Laurent Brossoit without a rebound.
10:11 of 1st period - Jordan Weal wins face-off versus Quinton Howden in Hamilton Bulldogs zone.
10:24 of 1st period - Snap shot by Jason Akeson.
10:24 of 1st period - Stopped by Michael Garteig with a rebound.
10:44 of 1st period - Wrist shot by Kyle Criscuolo.
10:44 of 1st period - Shot Misses the Net.
10:46 of 1st period - Slapshot by Chris Butler.
10:46 of 1st period - Deflect By Quinton Howden.
10:46 of 1st period - Stopped by Michael Garteig without a rebound.
10:47 of 1st period - Nic Petan wins face-off versus Jordan Weal in Victoriaville Tigres zone.
10:59 of 1st period - Snap shot by Jason Akeson.
10:59 of 1st period - Shot Misses the Net.
11:20 of 1st period - Snap shot by Bryan Bickell.
11:20 of 1st period - Shot Misses the Net.
12:14 of 1st period - Snap shot by Jason Akeson.
12:14 of 1st period - Stopped by Michael Garteig with a rebound.
12:17 of 1st period - Icing by Brayden McNabb.
12:18 of 1st period - Jordan Weal wins face-off versus Greg McKegg in Victoriaville Tigres zone.
12:19 of 1st period - Slapshot by Brandon DeFazio.
12:19 of 1st period - Shot Blocked by Samuel Girard.
12:24 of 1st period - Off-side.
12:25 of 1st period - Nic Petan wins face-off versus Brandon DeFazio in neutral zone.
12:28 of 1st period - Julian Melchiori is hit by Chris Terry and loses puck.
12:51 of 1st period - Nick Jensen is hit by Greg McKegg and loses puck.
13:00 of 1st period - Snap shot by Jordan Weal.
13:00 of 1st period - Deflect By Tim Heed.
13:00 of 1st period - Shot Blocked by Dillon Simpson.
13:00 of 1st period - Puck is out of play.
13:01 of 1st period - Nic Petan wins face-off versus Carter Rowney in Victoriaville Tigres zone.
13:12 of 1st period - Snap shot by Nic Petan.
13:12 of 1st period - Shot Misses the Net.
13:14 of 1st period - Snap shot by Chris Terry.
13:14 of 1st period - Goal by Chris Terry - Victoriaville Tigres : 1 - Hamilton Bulldogs : 1.
13:15 of 1st period - Jordan Weal wins face-off versus Nic Petan in neutral zone.
14:21 of 1st period - Snap shot by Chris Terry.
14:21 of 1st period - Shot Blocked by Chris Butler.
15:49 of 1st period - Slapshot by Teemu Pulkkinen.
15:49 of 1st period - Stopped by Michael Garteig with a rebound.
16:39 of 1st period - Slapshot by Alexander Nylander.
16:39 of 1st period - Shot Misses the Net.
16:45 of 1st period - Wrist shot by Adam Erne.
16:45 of 1st period - Shot Misses the Net.
17:31 of 1st period - Minor Penalty to Brayden McNabb for Holding.
17:32 of 1st period - Carter Rowney wins face-off versus Nic Petan in Victoriaville Tigres zone.
17:57 of 1st period - Nick Jensen is hit by Chris Terry and loses puck.
19:31 of 1st period - Penalty to Brayden McNabb is over, Brayden McNabb is back on ice.
19:39 of 1st period - Julian Melchiori is hit by Taylor Leier and loses puck.
19:58 of 1st period - Tomas Nosek is hit by Nic Petan and loses puck.
Goals for this period are 1 for Victoriaville Tigres vs 1 for Hamilton Bulldogs.
Shots for this period are 4 for Victoriaville Tigres vs 12 for Hamilton Bulldogs.

2nd period


0:01 of 2nd period - Nic Petan wins face-off versus Jordan Weal in neutral zone.
0:13 of 2nd period - Snap shot by Chris Terry.
0:13 of 2nd period - Stopped by Laurent Brossoit with a rebound.
0:31 of 2nd period - Slapshot by Carter Rowney.
0:31 of 2nd period - Stopped by Michael Garteig without a rebound.
0:32 of 2nd period - Quinton Howden wins face-off versus Jordan Weal in Victoriaville Tigres zone.
0:43 of 2nd period - Snap shot by Charles Hudon.
0:43 of 2nd period - Shot Misses the Net.
0:45 of 2nd period - Slapshot by Charles Hudon.
0:45 of 2nd period - Deflect By Scott Kosmachuk.
0:45 of 2nd period - Shot Misses the Net.
0:45 of 2nd period - Puck is out of play.
0:46 of 2nd period - Nic Petan wins face-off versus Jordan Weal in Hamilton Bulldogs zone.
1:18 of 2nd period - Snap shot by Adam Erne.
1:18 of 2nd period - Stopped by Michael Garteig without a rebound.
1:19 of 2nd period - Quinton Howden wins face-off versus Tomas Nosek in Victoriaville Tigres zone.
1:24 of 2nd period - Snap shot by Tomas Nosek.
1:24 of 2nd period - Shot Misses the Net.
1:26 of 2nd period - Snap shot by Chris Butler.
1:26 of 2nd period - Shot Misses the Net.
1:28 of 2nd period - Snap shot by Adam Erne.
1:28 of 2nd period - Shot Blocked by Quinton Howden.
1:30 of 2nd period - Wrist shot by Alexander Nylander.
1:30 of 2nd period - Stopped by Michael Garteig with a rebound.
1:32 of 2nd period - Wrist shot by Tomas Nosek.
1:32 of 2nd period - Stopped by Michael Garteig with a rebound.
1:34 of 2nd period - Slapshot by Anthony DeAngelo.
1:34 of 2nd period - Stopped by Michael Garteig without a rebound.
1:35 of 2nd period - Nic Petan wins face-off versus Jordan Weal in Victoriaville Tigres zone.
1:35 of 2nd period - Nic Petan is hit by Brandon DeFazio.
2:08 of 2nd period - Slapshot by Anthony DeAngelo.
2:08 of 2nd period - Stopped by Michael Garteig with a rebound.
2:10 of 2nd period - Slapshot by Chris Butler.
2:10 of 2nd period - Stopped by Michael Garteig with a rebound.
2:17 of 2nd period - Icing by Scott Kosmachuk.
2:18 of 2nd period - Tomas Nosek wins face-off versus Quinton Howden in Victoriaville Tigres zone.
2:23 of 2nd period - Snap shot by Jordan Weal.
2:23 of 2nd period - Shot Hit the Post.
2:25 of 2nd period - Snap shot by Jason Akeson.
2:25 of 2nd period - Goal by Jason Akeson - Victoriaville Tigres : 1 - Hamilton Bulldogs : 2.
2:26 of 2nd period - Nic Petan wins face-off versus Jordan Weal in neutral zone.
2:28 of 2nd period - Off-side.
2:29 of 2nd period - Nic Petan wins face-off versus Jordan Weal in neutral zone.
2:31 of 2nd period - Off-side.
2:32 of 2nd period - Jordan Weal wins face-off versus Nic Petan in neutral zone.
2:37 of 2nd period - Wrist shot by Jordan Weal.
2:37 of 2nd period - Stopped by Michael Garteig without a rebound.
2:38 of 2nd period - Chris Terry wins face-off versus Alexandre Grenier in Victoriaville Tigres zone.
2:53 of 2nd period - Slapshot by Bryan Bickell.
2:53 of 2nd period - Stopped by Michael Garteig with a rebound.
3:24 of 2nd period - Slapshot by Kyle Criscuolo.
3:24 of 2nd period - Deflect By Teemu Pulkkinen.
3:24 of 2nd period - Shot Blocked by Taylor Leier.
3:24 of 2nd period - Puck is out of play.
3:25 of 2nd period - Mark MacMillan wins face-off versus Kyle Criscuolo in Victoriaville Tigres zone.
3:37 of 2nd period - Snap shot by Greg McKegg.
3:37 of 2nd period - Stopped by Laurent Brossoit with a rebound.
3:39 of 2nd period - Snap shot by Taylor Leier.
3:39 of 2nd period - Shot Misses the Net.
3:41 of 2nd period - Snap shot by Greg McKegg.
3:41 of 2nd period - Shot Blocked by Chris Butler.
4:16 of 2nd period - Snap shot by Nic Petan.
4:16 of 2nd period - Shot Blocked by Viktor Svedberg.
4:18 of 2nd period - Snap shot by Nic Petan.
4:18 of 2nd period - Shot Misses the Net.
4:20 of 2nd period - Snap shot by Stefan Matteau.
4:20 of 2nd period - Stopped by Laurent Brossoit without a rebound.
4:21 of 2nd period - Jordan Weal wins face-off versus Nic Petan in Hamilton Bulldogs zone.
4:21 of 2nd period - Jordan Weal is hit by Samuel Girard.
4:37 of 2nd period - Wrist shot by Jason Akeson.
4:37 of 2nd period - Shot Blocked by Samuel Girard.
4:47 of 2nd period - Nic Petan is hit by Tomas Nosek and loses puck.
4:52 of 2nd period - Slapshot by Adam Erne.
4:52 of 2nd period - Shot Misses the Net.
5:37 of 2nd period - Jason Akeson is hit by Greg McKegg and loses puck.
5:58 of 2nd period - Snap shot by Tomas Nosek.
5:58 of 2nd period - Shot Misses the Net.
6:12 of 2nd period - Slapshot by Scott Kosmachuk.
6:12 of 2nd period - Stopped by Laurent Brossoit without a rebound.
6:13 of 2nd period - Quinton Howden wins face-off versus Jordan Weal in Hamilton Bulldogs zone.
6:24 of 2nd period - Snap shot by Jordan Weal.
6:24 of 2nd period - Stopped by Michael Garteig without a rebound.
6:25 of 2nd period - Jordan Weal wins face-off versus Quinton Howden in Victoriaville Tigres zone.
6:26 of 2nd period - Snap shot by Brandon DeFazio.
6:26 of 2nd period - Deflect By Jason Akeson.
6:26 of 2nd period - Shot Misses the Net.
6:26 of 2nd period - Puck is out of play.
6:27 of 2nd period - Jordan Weal wins face-off versus Quinton Howden in Victoriaville Tigres zone.
6:32 of 2nd period - Slapshot by Jordan Weal.
6:32 of 2nd period - Shot Blocked by Michal Kempny.
6:38 of 2nd period - Snap shot by Jason Akeson.
6:38 of 2nd period - Shot Misses the Net.
6:42 of 2nd period - Snap shot by Jordan Weal.
6:42 of 2nd period - Shot Misses the Net.
6:52 of 2nd period - Quinton Howden is hit by Tomas Nosek and loses puck.
7:03 of 2nd period - Backhand shot by Adam Erne.
7:03 of 2nd period - Stopped by Michael Garteig without a rebound.
7:04 of 2nd period - Nic Petan wins face-off versus Carter Rowney in Victoriaville Tigres zone.
7:09 of 2nd period - Slapshot by Brayden McNabb.
7:09 of 2nd period - Stopped by Laurent Brossoit without a rebound.
7:10 of 2nd period - Nic Petan wins face-off versus Carter Rowney in Hamilton Bulldogs zone.
7:13 of 2nd period - Wrist shot by Chris Terry.
7:13 of 2nd period - Goal by Chris Terry - Victoriaville Tigres : 2 - Hamilton Bulldogs : 2.
7:14 of 2nd period - Nic Petan wins face-off versus Carter Rowney in neutral zone.
7:19 of 2nd period - Slapshot by Nic Petan.
7:19 of 2nd period - Goal by Nic Petan - Victoriaville Tigres : 3 - Hamilton Bulldogs : 2.
7:20 of 2nd period - Nic Petan wins face-off versus Jordan Weal in neutral zone.
7:26 of 2nd period - Jordan Weal is hit by Samuel Girard and loses puck.
7:50 of 2nd period - Taylor Leier is hit by Carter Rowney and loses puck.
8:51 of 2nd period - Wrist shot by Jordan Weal.
8:51 of 2nd period - Deflect By Jason Akeson.
8:51 of 2nd period - Shot Misses the Net.
8:51 of 2nd period - Puck is out of play.
8:52 of 2nd period - Quinton Howden wins face-off versus Jordan Weal in Victoriaville Tigres zone.
9:05 of 2nd period - Wrist shot by Quinton Howden.
9:05 of 2nd period - Shot Blocked by Jason Akeson.
9:07 of 2nd period - Snap shot by Brayden McNabb.
9:07 of 2nd period - Stopped by Laurent Brossoit with a rebound.
10:02 of 2nd period - Wrist shot by Teemu Pulkkinen.
10:02 of 2nd period - Shot Misses the Net.
10:04 of 2nd period - Slapshot by Chris Butler.
10:04 of 2nd period - Stopped by Michael Garteig without a rebound.
10:05 of 2nd period - Kyle Criscuolo wins face-off versus Nic Petan in Victoriaville Tigres zone.
10:14 of 2nd period - Wrist shot by Jayce Hawryluk.
10:14 of 2nd period - Stopped by Michael Garteig with a rebound.
10:16 of 2nd period - Wrist shot by Jayce Hawryluk.
10:16 of 2nd period - Shot Misses the Net.
10:18 of 2nd period - Wrist shot by Kyle Criscuolo.
10:18 of 2nd period - Goal by Kyle Criscuolo - Victoriaville Tigres : 3 - Hamilton Bulldogs : 3.
10:19 of 2nd period - Brandon DeFazio wins face-off versus Nic Petan in neutral zone.
10:23 of 2nd period - Off-side.
10:24 of 2nd period - Jordan Weal wins face-off versus Nic Petan in neutral zone.
10:53 of 2nd period - Snap shot by Charles Hudon.
10:53 of 2nd period - Stopped by Laurent Brossoit with a rebound.
11:18 of 2nd period - Snap shot by Taylor Leier.
11:18 of 2nd period - Shot Hit the Post.
12:17 of 2nd period - Icing by Viktor Svedberg.
12:18 of 2nd period - Tomas Nosek wins face-off versus Nic Petan in Hamilton Bulldogs zone.
12:29 of 2nd period - Backhand shot by Tomas Nosek.
12:29 of 2nd period - Stopped by Michael Garteig with a rebound.
12:31 of 2nd period - Slapshot by Alexander Nylander.
12:31 of 2nd period - Shot Misses the Net.
12:45 of 2nd period - Jason Akeson is hit by Brayden McNabb and loses puck.
13:02 of 2nd period - Anthony DeAngelo is hit by Taylor Leier and loses puck.
13:11 of 2nd period - Slapshot by Taylor Leier.
13:11 of 2nd period - Deflect By Anthony DeAngelo.
13:11 of 2nd period - Shot Blocked by Anthony DeAngelo.
13:11 of 2nd period - Puck is out of play.
13:12 of 2nd period - Nic Petan wins face-off versus Jason Akeson in Hamilton Bulldogs zone.
13:13 of 2nd period - Snap shot by Chris Terry.
13:13 of 2nd period - Stopped by Laurent Brossoit with a rebound.
13:15 of 2nd period - Snap shot by Nic Petan.
13:15 of 2nd period - Goal by Nic Petan - Victoriaville Tigres : 4 - Hamilton Bulldogs : 3.
13:16 of 2nd period - Nic Petan wins face-off versus Jordan Weal in neutral zone.
13:31 of 2nd period - Snap shot by Chris Terry.
13:31 of 2nd period - Stopped by Laurent Brossoit with a rebound.
13:41 of 2nd period - Quinton Howden is hit by Carter Rowney and loses puck.
13:48 of 2nd period - Backhand shot by Scott Kosmachuk.
13:48 of 2nd period - Stopped by Laurent Brossoit without a rebound.
13:49 of 2nd period - Carter Rowney wins face-off versus Nic Petan in Hamilton Bulldogs zone.
14:04 of 2nd period - Wrist shot by Nic Petan.
14:04 of 2nd period - Stopped by Laurent Brossoit without a rebound.
14:05 of 2nd period - Brandon DeFazio wins face-off versus Quinton Howden in Hamilton Bulldogs zone.
14:30 of 2nd period - Brayden McNabb is hit by Alexandre Grenier and loses puck.
14:37 of 2nd period - Wrist shot by Bryan Bickell.
14:37 of 2nd period - Stopped by Michael Garteig with a rebound.
14:53 of 2nd period - Adam Erne is hit by Brayden McNabb and loses puck.
14:58 of 2nd period - Slapshot by Samuel Girard.
14:58 of 2nd period - Shot Blocked by Adam Erne.
15:16 of 2nd period - Snap shot by Adam Erne.
15:16 of 2nd period - Shot Misses the Net.
15:18 of 2nd period - Wrist shot by Kyle Criscuolo.
15:18 of 2nd period - Stopped by Michael Garteig with a rebound.
15:20 of 2nd period - Slapshot by Chris Butler.
15:20 of 2nd period - Deflect By Kyle Criscuolo.
15:20 of 2nd period - Hamilton Bulldogs goal is going for a video replay.
15:20 of 2nd period - The goal is refused. The goalkeeper has been pushed into the net together with the puck after making a save..
15:21 of 2nd period - Jordan Weal wins face-off versus Nic Petan in Victoriaville Tigres zone.
15:46 of 2nd period - Carter Rowney is hit by Dillon Simpson and loses puck.
16:15 of 2nd period - Greg McKegg is hit by Viktor Svedberg and loses puck.
16:38 of 2nd period - Chris Butler is hit by Chris Terry and loses puck.
16:45 of 2nd period - Slapshot by Anthony DeAngelo.
16:45 of 2nd period - Deflect By Kyle Criscuolo.
16:45 of 2nd period - Shot Misses the Net.
16:45 of 2nd period - Puck is out of play.
16:46 of 2nd period - Quinton Howden wins face-off versus Jordan Weal in Victoriaville Tigres zone.
17:13 of 2nd period - Bryan Bickell is hit by Nic Petan and loses puck.
17:19 of 2nd period - Icing by Bryan Bickell.
17:20 of 2nd period - Carter Rowney wins face-off versus Brody Sutter in Hamilton Bulldogs zone.
17:27 of 2nd period - Snap shot by Carter Rowney.
17:27 of 2nd period - Stopped by Michael Garteig without a rebound.
17:28 of 2nd period - Jordan Weal wins face-off versus Nic Petan in Victoriaville Tigres zone.
18:20 of 2nd period - Taylor Leier is hit by Nick Jensen.
19:07 of 2nd period - Slapshot by Samuel Girard.
19:07 of 2nd period - Stopped by Laurent Brossoit with a rebound.
19:09 of 2nd period - Slapshot by Samuel Girard.
19:09 of 2nd period - Shot Misses the Net.
19:11 of 2nd period - Snap shot by Greg McKegg.
19:11 of 2nd period - Stopped by Laurent Brossoit without a rebound.
19:12 of 2nd period - Jordan Weal wins face-off versus Nic Petan in Hamilton Bulldogs zone.
19:23 of 2nd period - Snap shot by Nic Petan.
19:23 of 2nd period - Shot Blocked by Nick Jensen.
19:25 of 2nd period - Snap shot by Nic Petan.
19:25 of 2nd period - Goal by Nic Petan - Victoriaville Tigres : 5 - Hamilton Bulldogs : 3.
19:25 of 2nd period - Lars Johansson enters game.
19:26 of 2nd period - Nic Petan wins face-off versus Jordan Weal in neutral zone.
19:37 of 2nd period - Wrist shot by Jordan Weal.
19:37 of 2nd period - Stopped by Michael Garteig with a rebound.
19:39 of 2nd period - Slapshot by Julian Melchiori.
19:39 of 2nd period - Shot Misses the Net.
19:41 of 2nd period - Snap shot by Brandon DeFazio.
19:41 of 2nd period - Stopped by Michael Garteig without a rebound.
19:42 of 2nd period - Tomas Nosek wins face-off versus Quinton Howden in Victoriaville Tigres zone.
Goals for this period are 4 for Victoriaville Tigres vs 2 for Hamilton Bulldogs.
Shots for this period are 17 for Victoriaville Tigres vs 22 for Hamilton Bulldogs.

3rd period


0:01 of 3rd period - Jordan Weal wins face-off versus Nic Petan in neutral zone.
0:04 of 3rd period - Slapshot by Nick Jensen.
0:04 of 3rd period - Shot Misses the Net.
0:26 of 3rd period - Quinton Howden is hit by Alexandre Grenier and loses puck.
0:48 of 3rd period - Slapshot by Anthony DeAngelo.
0:48 of 3rd period - Goal by Anthony DeAngelo - Victoriaville Tigres : 5 - Hamilton Bulldogs : 4.
0:49 of 3rd period - Nic Petan wins face-off versus Jordan Weal in neutral zone.
0:59 of 3rd period - Minor Penalty to Brayden McNabb for Interference.
1:00 of 3rd period - Carter Rowney wins face-off versus Nic Petan in Victoriaville Tigres zone.
1:16 of 3rd period - Slapshot by Nick Jensen.
1:16 of 3rd period - Deflect By Bryan Bickell.
1:16 of 3rd period - Shot Misses the Net.
1:16 of 3rd period - Puck is out of play.
1:17 of 3rd period - Jordan Weal wins face-off versus Nic Petan in Victoriaville Tigres zone.
2:59 of 3rd period - Penalty to Brayden McNabb is over, Brayden McNabb is back on ice.
3:10 of 3rd period - Chris Butler is hit by Charles Hudon and loses puck.
3:40 of 3rd period - Greg McKegg is hit by Julian Melchiori and loses puck.
4:42 of 3rd period - Viktor Svedberg is hit by Mark MacMillan and loses puck.
4:48 of 3rd period - Icing by Tim Erixon.
4:49 of 3rd period - Greg McKegg wins face-off versus Carter Rowney in Hamilton Bulldogs zone.
5:05 of 3rd period - Off-side.
5:06 of 3rd period - Quinton Howden wins face-off versus Jordan Weal in neutral zone.
5:38 of 3rd period - Wrist shot by Nic Petan.
5:38 of 3rd period - Shot Misses the Net.
5:40 of 3rd period - Backhand shot by Karl Stollery.
5:40 of 3rd period - Shot Blocked by Chris Butler.
5:50 of 3rd period - Slapshot by Anthony DeAngelo.
5:50 of 3rd period - Stopped by Michael Garteig with a rebound.
5:57 of 3rd period - Off-side.
5:58 of 3rd period - Nic Petan wins face-off versus Jordan Weal in neutral zone.
6:01 of 3rd period - Snap shot by Nic Petan.
6:01 of 3rd period - Shot Blocked by Nick Jensen.
6:03 of 3rd period - Wrist shot by Nic Petan.
6:03 of 3rd period - Shot Misses the Net.
6:17 of 3rd period - Brandon DeFazio is hit by Nic Petan and loses puck.
6:27 of 3rd period - Icing by Nick Jensen.
6:28 of 3rd period - Carter Rowney wins face-off versus Quinton Howden in Hamilton Bulldogs zone.
6:35 of 3rd period - Snap shot by Charles Hudon.
6:35 of 3rd period - Shot Misses the Net.
6:37 of 3rd period - Wrist shot by Scott Kosmachuk.
6:37 of 3rd period - Stopped by Lars Johansson without a rebound.
6:38 of 3rd period - Nic Petan wins face-off versus Jordan Weal in Hamilton Bulldogs zone.
6:43 of 3rd period - Wrist shot by Chris Terry.
6:43 of 3rd period - Shot Blocked by Anthony DeAngelo.
6:45 of 3rd period - Slapshot by Nic Petan.
6:45 of 3rd period - Stopped by Lars Johansson with a rebound.
6:51 of 3rd period - Snap shot by Chris Terry.
6:51 of 3rd period - Stopped by Lars Johansson with a rebound.
6:53 of 3rd period - Wrist shot by Brody Sutter.
6:53 of 3rd period - Shot Misses the Net.
7:07 of 3rd period - Wrist shot by Scott Kosmachuk.
7:07 of 3rd period - Deflect By Charles Hudon.
7:07 of 3rd period - Shot Misses the Net.
7:07 of 3rd period - Puck is out of play.
7:08 of 3rd period - Quinton Howden wins face-off versus Carter Rowney in Hamilton Bulldogs zone.
7:25 of 3rd period - Snap shot by Bryan Bickell.
7:25 of 3rd period - Shot Misses the Net.
7:27 of 3rd period - Slapshot by Nick Jensen.
7:27 of 3rd period - Deflect By Brayden McNabb.
7:27 of 3rd period - Stopped by Michael Garteig without a rebound.
7:28 of 3rd period - Nic Petan wins face-off versus Jordan Weal in Victoriaville Tigres zone.
7:35 of 3rd period - Snap shot by Jordan Weal.
7:35 of 3rd period - Shot Blocked by Chris Terry.
7:37 of 3rd period - Snap shot by Brandon DeFazio.
7:37 of 3rd period - Shot Blocked by Nic Petan.
7:39 of 3rd period - Slapshot by Viktor Svedberg.
7:39 of 3rd period - Shot Hit the Post.
7:41 of 3rd period - Slapshot by Tim Erixon.
7:41 of 3rd period - Stopped by Michael Garteig with a rebound.
7:43 of 3rd period - Snap shot by Jason Akeson.
7:43 of 3rd period - Stopped by Michael Garteig without a rebound.
7:44 of 3rd period - Carter Rowney wins face-off versus Scott Kosmachuk in Victoriaville Tigres zone.
7:45 of 3rd period - Slapshot by Bryan Bickell.
7:45 of 3rd period - Deflect By Charles Hudon.
7:45 of 3rd period - Stopped by Michael Garteig with a rebound.
8:39 of 3rd period - Snap shot by Taylor Leier.
8:39 of 3rd period - Stopped by Lars Johansson without a rebound.
8:40 of 3rd period - Carter Rowney wins face-off versus Scott Kosmachuk in Hamilton Bulldogs zone.
8:40 of 3rd period - Carter Rowney is hit by Samuel Girard.
8:48 of 3rd period - Snap shot by Quinton Howden.
8:48 of 3rd period - Stopped by Lars Johansson with a rebound.
9:06 of 3rd period - Chris Terry is hit by Anthony DeAngelo and loses puck.
9:33 of 3rd period - Slapshot by Taylor Leier.
9:33 of 3rd period - Stopped by Lars Johansson without a rebound.
9:34 of 3rd period - Greg McKegg wins face-off versus Kyle Criscuolo in Hamilton Bulldogs zone.
9:57 of 3rd period - Mark MacMillan is hit by Nick Jensen and loses puck.
10:52 of 3rd period - Backhand shot by Teemu Pulkkinen.
10:52 of 3rd period - Shot Misses the Net.
10:54 of 3rd period - Slapshot by Nick Jensen.
10:54 of 3rd period - Stopped by Michael Garteig with a rebound.
11:17 of 3rd period - Karl Stollery is hit by Nick Jensen and loses puck.
11:47 of 3rd period - Wrist shot by Kyle Criscuolo.
11:47 of 3rd period - Stopped by Michael Garteig without a rebound.
11:48 of 3rd period - Nic Petan wins face-off versus Jordan Weal in Victoriaville Tigres zone.
12:01 of 3rd period - Slapshot by Chris Terry.
12:01 of 3rd period - Stopped by Lars Johansson with a rebound.
12:03 of 3rd period - Wrist shot by Nic Petan.
12:03 of 3rd period - Shot Misses the Net.
12:39 of 3rd period - Minor Penalty to Charles Hudon for Tripping.
12:40 of 3rd period - Nic Petan wins face-off versus Carter Rowney in Victoriaville Tigres zone.
14:39 of 3rd period - Penalty to Charles Hudon is over, Charles Hudon is back on ice.
14:47 of 3rd period - Slapshot by Samuel Girard.
14:47 of 3rd period - Shot Blocked by Viktor Svedberg.
15:08 of 3rd period - Icing by Quinton Howden.
15:09 of 3rd period - Quinton Howden wins face-off versus Carter Rowney in Victoriaville Tigres zone.
15:41 of 3rd period - Michal Kempny is hit by Carter Rowney and loses puck.
15:48 of 3rd period - Carter Rowney is hit by Michal Kempny and loses puck.
16:01 of 3rd period - Slapshot by Nic Petan.
16:01 of 3rd period - Shot Blocked by Alexandre Grenier.
16:03 of 3rd period - Wrist shot by Chris Terry.
16:03 of 3rd period - Stopped by Lars Johansson with a rebound.
16:17 of 3rd period - Snap shot by Nic Petan.
16:17 of 3rd period - Deflect By Chris Terry.
16:17 of 3rd period - Stopped by Lars Johansson with a rebound.
16:19 of 3rd period - Wrist shot by Brody Sutter.
16:19 of 3rd period - Shot Blocked by Viktor Svedberg.
16:37 of 3rd period - Snap shot by Chris Terry.
16:37 of 3rd period - Stopped by Lars Johansson with a rebound.
16:49 of 3rd period - Wrist shot by Chris Terry.
16:49 of 3rd period - Stopped by Lars Johansson with a rebound.
16:51 of 3rd period - Wrist shot by Brody Sutter.
16:51 of 3rd period - Goal by Brody Sutter - Victoriaville Tigres : 6 - Hamilton Bulldogs : 4.
16:52 of 3rd period - Quinton Howden wins face-off versus Tomas Nosek in neutral zone.
17:01 of 3rd period - Snap shot by Quinton Howden.
17:01 of 3rd period - Stopped by Lars Johansson without a rebound.
17:02 of 3rd period - Quinton Howden wins face-off versus Tomas Nosek in Hamilton Bulldogs zone.
17:05 of 3rd period - Slapshot by Scott Kosmachuk.
17:05 of 3rd period - Stopped by Lars Johansson without a rebound.
17:06 of 3rd period - Quinton Howden wins face-off versus Tomas Nosek in Hamilton Bulldogs zone.
17:18 of 3rd period - Off-side.
17:19 of 3rd period - Alexander Nylander wins face-off versus Quinton Howden in neutral zone.
17:28 of 3rd period - Slapshot by Adam Erne.
17:28 of 3rd period - Stopped by Michael Garteig with a rebound.
18:06 of 3rd period - Slapshot by Carter Rowney.
18:06 of 3rd period - Stopped by Michael Garteig with a rebound.
18:14 of 3rd period - Wrist shot by Carter Rowney.
18:14 of 3rd period - Goal by Carter Rowney - Victoriaville Tigres : 6 - Hamilton Bulldogs : 5.
18:15 of 3rd period - Chase De Leo wins face-off versus Tomas Nosek in neutral zone.
18:23 of 3rd period - Slapshot by Samuel Girard.
18:23 of 3rd period - Stopped by Lars Johansson without a rebound.
18:24 of 3rd period - Chase De Leo wins face-off versus Tomas Nosek in Hamilton Bulldogs zone.
18:31 of 3rd period - Slapshot by Brayden McNabb.
18:31 of 3rd period - Deflect By Nic Petan.
18:31 of 3rd period - Shot Misses the Net.
18:31 of 3rd period - Puck is out of play.
18:32 of 3rd period - Tomas Nosek wins face-off versus Chase De Leo in Hamilton Bulldogs zone.
18:37 of 3rd period - Snap shot by Nick Jensen.
18:37 of 3rd period - Shot Misses the Net.
18:39 of 3rd period - Slapshot by Julian Melchiori.
18:39 of 3rd period - Shot Misses the Net.
18:41 of 3rd period - Slapshot by Nick Jensen.
18:41 of 3rd period - Shot Misses the Net.
18:57 of 3rd period - Tomas Nosek is hit by Samuel Girard.
19:06 of 3rd period - Hamilton Bulldogs, Lars Johansson is pulled from the net.
19:12 of 3rd period - Wrist shot by Adam Erne.
19:12 of 3rd period - Stopped by Michael Garteig with a rebound.
19:48 of 3rd period - Wrist shot by Chris Terry.
19:48 of 3rd period - Shot Blocked by Tomas Nosek.
19:52 of 3rd period - Slapshot by Brody Sutter.
19:52 of 3rd period - Goal by Brody Sutter - Victoriaville Tigres : 7 - Hamilton Bulldogs : 5.
19:52 of 3rd period - Lars Johansson from Hamilton Bulldogs was sent back in the game.
19:53 of 3rd period - Carter Rowney wins face-off versus Brody Sutter in neutral zone.
Goals for this period are 2 for Victoriaville Tigres vs 2 for Hamilton Bulldogs.
Shots for this period are 16 for Victoriaville Tigres vs 12 for Hamilton Bulldogs.